 Dungeon Crawl Stone Soup version 0.29-a0-577-gafbf2c5d25 (webtiles) character file.

Game seed: 12350287608694849096

29 DocClef the Sneak (level 3, 0/31 HPs)
             Began as a Draconian Delver on June 13, 2022.
             Succumbed to a scorpion's poison
             ... on level 6 of the Dungeon.
             The game lasted 00:00:17 (146 turns).

DocClef the Sneak (Draconian Delver)                 Turns: 146, Time: 00:00:18

Health: 0/31       AC:  5    Str: 14    XL:     3   Next: 1%
Magic:  3/3        EV: 12    Int: 10    God:
Gold:   11         SH:  0    Dex: 14    Spells: 2/2 levels left

rFire   . . .      SeeInvis .   a - +0 short sword
rCold   . . .      Faith    .   (no shield)
rNeg    . . .      Spirit   .   (body armour unavailable)
rPois   .          Reflect  .   (helmet restricted)
rElec   .          Harm     .   (no cloak)
rCorr   .          Rampage  .   (no gloves)
Will    .....                   (no boots)
Stlth   +++.......              (no amulet)
HPRegen 0.10/turn               (no ring)
MPRegen 0.08/turn               (no ring)

@: lethally poisoned (0 -> -7)
A: AC +5, unfitting armour, cold-blooded
a: no special abilities


You were on level 6 of the Dungeon.
You visited 1 branch of the dungeon, and saw 2 of its levels.

You collected 11 gold pieces.

Inventory:

Hand Weapons
 a - a +0 short sword (weapon)
Wands
 f - a wand of digging (3)
Scrolls
 b - a scroll of fog
 c - a scroll of magic mapping
 d - a scroll of fear
 g - a scroll of noise {unknown}
Potions
 e - a potion of haste


   Skills:
 + Level 3.5 Fighting
 + Level 2.1 Short Blades
 + Level 1.8 Dodging
 + Level 5.2 Stealth


You had 2 spell levels left.
You didn't know any spells.
Your spell library was empty.

Dungeon Overview and Level Annotations

Branches:
Dungeon (6/15)
 Temple: D:4-7

Altars:

Shops:
D:6 (


Innate Abilities, Weirdness & Mutations

Your plain brown scales are hard. (AC +5)
You cannot fit into any form of body armour.
You are cold-blooded and may be slowed by cold attacks.


Message History

The scorpion stings you but does no damage.
You hit the scorpion.
The scorpion is lightly wounded.
You feel sick. The scorpion stings you.
You are too injured to fight recklessly!
You are too injured to fight recklessly!
You are too injured to fight recklessly!
You are too injured to fight recklessly!
You are too injured to fight recklessly!
You are too injured to fight recklessly!
You are too injured to fight recklessly!
You are too injured to fight recklessly!
You barely miss the scorpion.
You tail-slap the scorpion, but do no damage.
You feel sick. The scorpion misses you. The scorpion completely misses you.
You hit the scorpion. You tail-slap the scorpion.
The scorpion is moderately wounded.
You feel sick.
The scorpion stings you but does no damage.
You hit the scorpion but do no damage.
Your tail-slap misses the scorpion.
The scorpion is moderately wounded.
You feel sick. The scorpion stings you.
* * * LOW HITPOINT WARNING * * *
You are lethally poisoned!
The scorpion poisons you!
Unknown command.
You hit the scorpion.
The scorpion is heavily wounded.
* * * LOW HITPOINT WARNING * * *
You feel very sick. The scorpion closely misses you.
Unknown command.
You hit the scorpion.
The scorpion is heavily wounded.
* * * LOW HITPOINT WARNING * * *
You feel sick.
The scorpion stings you but does no damage.
You hit the scorpion.
Your tail-slap misses the scorpion.
The scorpion is severely wounded.
You die...

##.# #####≈≈≈###
#≈≈### #..#
###########≈≈≈#
##.## #≈≈≈≈≈#####
#..#
############≈≈≈≈≈#
###.##
#.≈≈≈≈≈≈#######≈≈###
#...#
#.###≈≈≈≈≈≈≈≈≈≈#≈≈≈#
#.### #.#
################ #.#
#.###..............
#.#
#..@s..............
##.#
######............#
...# ##..........##
#### ###.##.#####
#.# .# # .[# .# #
..## .# # .## .# .#
.#


You could see a scorpion.

Vanquished Creatures
  A jelly (D:6)
1 creature vanquished.

Notes
Turn   | Place    | Note
-------+----------+-------------------------------------------
     0 | D:5      | DocClef the Draconian Delver began the quest for the Orb.
     0 | D:5      | Reached XP level 1. HP: 19/19 MP: 1/1
     3 | D:5      | Noticed a water moccasin
    21 | D:6      | Found Lutiy's Weapon Shop.
    23 | D:6      | Noticed a jelly
    25 | D:6      | Killed a jelly
    26 | D:6      | Reached skill level 5 in Stealth
    26 | D:6      | Reached XP level 2. HP: 26/26 MP: 2/2
    26 | D:6      | Reached XP level 3. HP: 31/31 MP: 3/3
   122 | D:6      | Noticed a scorpion
   146 | D:6      | Succumbed to a scorpion's poison

Illustrated notes

Levels and vault maps discovered:
D:5:      wad_lake_hut, layout_cave_pools, lemuel_blue_sif_altar,
          kiku_gazebo_pond_becter, minmay_temple_entry_hall, uniq_edmund
D:6:      layout_rooms, lemuel_zombie_altar_yredelemnul,
          mainiacjoe_overflow_catwalk, serial_shops, shop, minivault_1,
          chequers_serial_rivers_large_b, minmay_ruffians

Skill      XL: |  1 |
---------------+----+-----
Stealth        | 5 |  5.2
Fighting       | |  3.5
Short Blades   | |  2.1
Dodging        | |  1.8

Action                   || total
-------------------------++-------
Melee: Short sword       ||    14
       Tailslap          ||     4
 Stab: Sleeping          ||     1
Armor: Skin              ||     4
Dodge: Dodged            ||     5

Table legend: (Time is in decaauts)
 A = Elapsed time spent in this place.
 B = Non-inter-level travel time spent in this place.
 C = Inter-level travel time spent in this place.
 D = Time resting spent in this place.
 E = Time spent auto-exploring this place.
 F = Levels seen in this place.
 G = Mean time per level.
                   A        B        C        D        E       F      G
               +--------+--------+--------+--------+--------+-----+--------+
         Total |    174 |    174 |      0 |      0 |    136 |   2 |   87.0 |
       Dungeon |    174 |    174 |      0 |      0 |    136 |   2 |   87.0 |
               +--------+--------+--------+--------+--------+-----+--------+

Top non-repeatable levels by time:
     D:6: 165 daAuts
     D:5: 9 daAuts
